 Dungeon Crawl Stone Soup version 0.31-a0-965-g8a8ce12e04 (webtiles) character file.

Game seed: 17377256703070430692

961 Dylgear the Chopper (level 8, -6/61 HPs)
             Began as a Formicid Fighter on Oct 27, 2023.
             Mangled by a gnoll sergeant
             ... wielding a +1 spear of freezing
              (8 damage)
             ... on level 6 of the Dungeon.
             The game lasted 00:14:49 (4432 turns).

Dylgear the Chopper (Formicid Fighter)              Turns: 4432, Time: 00:14:49

Health: -6/61      AC: 12    Str: 22    XL:     8   Next: 37%
Magic:  8/8        EV:  8    Int:  7    God:
Gold:   214        SH:  5    Dex: 15    Spells: 7/7 levels left

rFire   . . .        a - +1 war axe
rCold   . . .        c - +0 buckler
rNeg    . . .        f - +0 chain mail
rPois   .            (helmet unavailable)
rElec   .            d - +0 cloak
rCorr   .            n - +0 pair of gloves
SInv    +            (no boots)
Will    .....        (no amulet) Stlth
                     (no ring)
HPRegen 0.30/turn    (no ring)
MPRegen 0.11/turn

%: no passive effects
@: no status effects
A: permanent stasis, dig shafts and tunnels, antennae 3, four strong arms
a: Dig, Shaft Self


You were on level 6 of the Dungeon.
You visited 1 branch of the dungeon, and saw 6 of its levels.

You collected 214 gold pieces.

Inventory:

Hand Weapons
 a - a +1 war axe (weapon)
 o - a +0 hand axe of venom
 r - a +0 flail
Missiles
 b - 13 boomerangs
 i - a throwing net
Armour
 c - a +0 buckler (worn)
 d - a +0 cloak (worn)
 f - a +0 chain mail (worn)
 h - a +1 ring mail of cold resistance
 n - a +0 pair of gloves (worn)
Jewellery
 p - a ring of magical power
 q - an amulet of faith
Wands
 k - a wand of digging (3)
Scrolls
 m - a scroll of poison
Potions
 e - 6 potions of curing
 g - a potion of heal wounds
 j - 2 potions of brilliance
 l - a potion of attraction


   Skills:
 * Level 4.8 Fighting
 * Level 6.5 Axes
 * Level 5.9 Armour
 + Level 1.1 Dodging
 + Level 0.5 Stealth
 * Level 5.5 Shields


You had 7 spell levels left.
You didn't know any spells.
Your spell library was empty.

Dungeon Overview and Level Annotations

Branches:
Dungeon (6/15)
 Temple: D:4-7

Altars:
Elyvilon
Okawaru

Annotations:
D:5 Prince Ribbit


Innate Abilities, Weirdness & Mutations

You cannot be hasted, slowed, berserked, paralysed or teleported.
You can dig through walls and to a lower floor.
You have a pair of large antennae on your head. (SInv)
Your four strong arms can wield two-handed weapons with a shield.


Message History

You hit the white imp. You block the white imp's attack.
Unknown command.
Unknown command.
You slash the white imp!
You kill the white imp!
No target in view!
Unknown command.
Unknown command.
Things that are here:
a +0 club; a +0 club
Things that are here:
a +0 club; a +0 club You start resting.
A gnoll sergeant comes into view. It is wielding a +1 spear of freezing.
The gnoll sergeant shouts!
The gnoll sergeant hits you with a +1 spear of freezing.
The gnoll sergeant freezes you.
You hit the gnoll sergeant but do no damage.
The gnoll sergeant hits you with a +1 spear of freezing!
The gnoll sergeant freezes you.
You are too injured to fight recklessly!
You are too injured to fight recklessly!
You are too injured to fight recklessly!
You hit the gnoll sergeant but do no damage.
The gnoll sergeant hits you with a +1 spear of freezing.
The gnoll sergeant freezes you.
You closely miss the gnoll sergeant.
The gnoll sergeant hits you with a +1 spear of freezing!
* * * LOW HITPOINT WARNING * * *
The gnoll sergeant freezes you.
* * * LOW HITPOINT WARNING * * *
The gnoll sergeant blocks your attack.
The gnoll sergeant hits you with a +1 spear of freezing.
* * * LOW HITPOINT WARNING * * *
The gnoll sergeant freezes you.
* * * LOW HITPOINT WARNING * * *
You hit the gnoll sergeant but do no damage.
The gnoll sergeant hits you but does no damage.
The gnoll sergeant hits you with a +1 spear of freezing!
You die...

......# ## .....# ######
# #. ,.... #..... ..##.#
#.. #..... #..... #.###
#..... ......#
#)†.#######.....
.......##.).............
........#...#...........
......g@....#......#.###
............##.......# #
....../...........#.####
............#...........
........#..(.......#....
........#...............
......<.#...............
........#...............
....#..|..........


You could see a gnoll sergeant.

Vanquished Creatures
  3 ogres
  A phantom (D:5)
  A bullfrog (D:6)
  5 wights (D:6)
  A gnoll bouda (D:4)
  A jelly (D:4)
  Crazy Yiuf (D:2)
  8 gnolls
  6 adders
  A white imp (D:6)
  2 worms
  3 dart slugs
  2 orcs (D:3)
  7 endoplasms
  5 giant cockroaches
  9 goblins
  8 hobgoblins
  4 jackals (D:1)
  4 quokkas
  9 ball pythons
  6 bats
  5 frilled lizards
  7 kobolds
  6 rats
105 creatures vanquished.

Notes
Turn   | Place    | Note
-------+----------+-------------------------------------------
     0 | D:1      | Dylgear the Formicid Fighter began the quest for the Orb.
     0 | D:1      | Reached XP level 1. HP: 18/18 MP: 1/1
   204 | D:1      | Reached XP level 2. HP: 24/24 MP: 2/2
   374 | D:1      | Reached XP level 3. HP: 25/29 MP: 3/3
   991 | D:2      | Reached XP level 4. HP: 26/36 MP: 4/4
  1291 | D:2      | Reached skill level 3 in Axes
  1855 | D:2      | Found a runed translucent door.
  1856 | D:2      | Noticed Crazy Yiuf
  1863 | D:2      | Killed Crazy Yiuf
  1864 | D:2      | Reached XP level 5. HP: 4/42 MP: 0/5
  2340 | D:3      | Found a faded altar of an unknown god.
  2583 | D:3      | Reached skill level 4 in Axes
  2883 | D:4      | Noticed an ogre
  3152 | D:4      | Found a white marble altar of Elyvilon.
  3280 | D:4      | Reached XP level 6. HP: 34/48 MP: 6/6
  3479 | D:4      | Found an iron altar of Okawaru.
  3512 | D:4      | Killed an ogre
  3513 | D:4      | Reached skill level 1 in Dodging
  3561 | D:4      | Reached skill level 5 in Axes
  3874 | D:5      | Identified the "Diolil Coipn"
  3874 | D:5      | Entered Level 5 of the Dungeon
  3882 | D:5      | Noticed an ogre
  3886 | D:5      | Killed an ogre
  3887 | D:5      | Reached skill level 5 in Shields
  3887 | D:5      | Reached XP level 7. HP: 33/54 MP: 7/7
  4025 | D:5      | Noticed Prince Ribbit
  4213 | D:6      | Reached skill level 6 in Axes
  4224 | D:6      | Reached skill level 5 in Armour
  4228 | D:6      | Reached XP level 8. HP: 31/59 MP: 8/8
  4431 | D:6      | HP: 2/61 [gnoll sergeant/+1 spear of freezing (2)]
  4432 | D:6      | Mangled by a gnoll sergeant

Illustrated notes

Levels and vault maps discovered:
D:1:      mushboom_english_gardens, layout_loops_cross, minmay_bisected
D:2:      layout_basic, nicolae_concentric_dashed_squares_wild,
          small_statue_intersection, nicolae_hexahallways,
          uniq_crazy_yiuf_cottage
D:3:      layout_basic, nicolae_ecumenical_snake_handling
D:4:      layout_rooms, mainiacjoe_overflow_alcove_2, lemuel_tele_altar,
          serial_corexii_hall, corexii_hall_statues_i,
          chequers_hall_statues_wall_a
D:5:      layout_basic, nzn_overflow_gifts_of_might_and_magic,
          cheibrodos_worm_habitat, temple_fountains, serial_shops, shop,
          uniq_prince_ribbit1
D:6:      layout_rooms

Skill      XL: |  1  2  3  4  5  6  7 |
---------------+----------------------+-----
Axes           | 3 4 5 6 |  6.5
Armour         | 4 5 |  5.9
Fighting       | 4 |  4.8
Dodging        | 1 |  1.1
Shields        | 5 |  5.5
Stealth        | |  0.5

Action                     |  1- 3 |  4- 6 |  7- 9 || total
---------------------------+-------+-------+-------++-------
  Melee: War axe           |    98 |   144 |    61 ||   303
    Use: Scroll            |     4 |     7 |       ||    11
         Potion            |       |     2 |     1 ||     3
 Armour: Scale mail        |    29 |       |       ||    29
         Chain mail        |    43 |    96 |    65 ||   204
  Dodge: Dodged            |    39 |    53 |    19 ||   111
  Block: Buckler           |    36 |    50 |    16 ||   102

Table legend: (Time is in decaauts)
 A = Elapsed time spent in this place.
 B = Non-inter-level travel time spent in this place.
 C = Inter-level travel time spent in this place.
 D = Time resting spent in this place.
 E = Time spent auto-exploring this place.
 F = Levels seen in this place.
 G = Mean time per level.
                   A        B        C        D        E       F      G
               +--------+--------+--------+--------+--------+-----+--------+
         Total |   4537 |   4101 |    436 |    804 |   2317 |   6 |  756.2 |
       Dungeon |   4537 |   4101 |    436 |    804 |   2317 |   6 |  756.2 |
               +--------+--------+--------+--------+--------+-----+--------+

Top non-repeatable levels by time:
     D:2: 1225 daAuts
     D:1: 990 daAuts
     D:4: 970 daAuts
     D:3: 877 daAuts
     D:6: 412 daAuts
     D:5: 61 daAuts
